Get step-by-step instructions on how to execute this build order below. Start the game timer, and the build order will tick by so you can play in parallel with StarCraft on a second screen or mobile device.

Game Time

  0:00

Last Step

  N/A

Next Step

Upcoming Step



Don't want to look back and forth between 2 screens? Try out our Overwolf App, the Spawning Tool Build Advisor to get an in-game overlay with this build!

Complete Build Order

  12  0:07  Drone  
  12  0:12  Drone  
  14  0:16  Overlord  
  14  0:40  Drone x3  
  17  0:59  Drone  
  18  1:56  Overlord x2  
  18  1:57  Overlord  
  18  2:10  Spawning Pool  
  17  2:22  Hatchery x2  
  15  2:24  Drone x2  
  17  2:59  Zergling x6  
  18  3:16  Zergling x2  
  18  3:31  Extractor  
  17  3:34  Extractor  
  17  3:38  Queen  
  17  3:39  Queen x2  
  22  3:55  Drone  
  22  3:56  Drone x2  
  25  4:08  Drone  
  26  4:29  Drone x2  
  28  4:51  Zergling x12  
  28  4:52  Zergling x14  
  41  4:53  Zergling x12  
  41  4:59  Metabolic Boost  
  47  5:44  Zergling x16  
  47  5:45  Zergling x6  
  24  7:11  Zergling x6  
  24  7:12  Zergling x14  
  24  7:13  Zergling x16  
  24  7:14  Zergling x8  
  46  7:22  Baneling Nest  
  45  7:31  Lair  
  45  7:47  Zergling x2  
  45  7:48  Zergling x18  
  55  8:03  Drone x3  
  58  8:30  Hydralisk Den  
  58  8:33  Drone  
  58  8:34  Overlord x2  
  46  8:53  Baneling x8  
  46  8:54  Baneling x3  
  35  9:22  Baneling x5  
  35  9:23  Baneling x8  
  35  9:24  Baneling x2  
  34  9:25  Baneling  
  34  9:55  Hatchery  
  25  10:38  Lurker Den  
  25  11:16  Hydralisk x3  
  25  11:17  Hydralisk x3  
  37  11:23  Drone x2  
  39  11:51  Drone x6  
  45  12:06  Lurker x4  
  49  12:17  Queen  
  51  12:30  Lurker x2  
  53  12:39  Drone x2  
  53  12:40  Drone  
  56  12:51  Muscular Augments  
  56  13:10  Extractor  
  56  13:11  Extractor  
  54  13:41  Hatchery  
  54  13:44  Extractor  
  54  13:45  Extractor  
  45  13:58  Overseer  
  39  14:59  Hydralisk x3  
  33  15:00  Hydralisk x8  
  33  15:01  Hydralisk x8  
  71  15:40  Queen  
  73  15:45  Drone x3  
  76  15:58  Lurker x3  
  76  15:59  Lurker  
  80  16:11  Drone x2  
  80  16:12  Drone x4  
  86  16:22  Overlord x3  
  86  16:30  Queen  
  46  16:59  Drone x7  
  53  17:16  Drone x6  
  59  17:54  Drone x4  
  59  17:55  Drone x2  
  67  18:05  Zergling x6  
  67  18:06  Zergling x16  
  67  18:07  Zergling x16  
  67  18:08  Zergling x12  
  90  18:27  Drone x3  
  90  18:28  Drone x3  
  96  18:50  Drone  
  96  18:51  Drone x3  
  100  19:06  Spine Crawler  
  100  19:07  Spine Crawler x2  
  100  19:08  Spine Crawler  
  96  19:17  Spire  
  96  19:19  Spire  
  96  19:21  Infestation Pit  
  93  19:27  Spore Crawler  
  87  19:54  Baneling x8  
  87  19:55  Baneling x7  
  87  19:56  Baneling x8  
  87  19:57  Baneling x7  
  87  19:58  Baneling x2  
  87  19:59  Baneling x8  
  67  20:58  Spine Crawler  
  67  21:00  Spine Crawler  
  65  21:06  Spine Crawler  
  65  21:07  Spine Crawler  
  65  21:11  Spine Crawler  
  62  21:12  Spine Crawler x3  
  62  21:15  Spine Crawler  
  62  21:16  Spine Crawler  
  62  21:17  Spine Crawler x2  
  62  21:18  Spine Crawler x2  
  53  21:38  Corruptor x4  
  53  21:39  Corruptor x8  
  71  21:40  Corruptor x6  
  89  22:15  Hive  
  89  22:26  Zerg Flyer Weapons Level 1, Zerg Flyer Armor Level 1  
  89  23:29  Drone x3  
  92  23:51  Corruptor x4  
  92  23:55  Corruptor  
  100  24:01  Overlord x2  
  100  24:02  Overlord x9  
  102  24:03  Overlord x8  
  102  24:21  Greater Spire  
  102  24:34  Corruptor x3  
  102  24:35  Corruptor x2  
  112  24:41  Zerg Flyer Weapons Level 2  
  112  25:07  Hatchery  
  112  25:12  Extractor  
  110  25:14  Extractor  
  109  26:00  Hatchery  
  108  26:06  Corruptor  
  110  26:21  Queen  
  110  26:24  Overseer  
  112  26:36  Spore Crawler  
  111  26:47  Corruptor x3  
  117  27:13  Drone  
  117  27:14  Extractor  
  117  27:15  Extractor  
  116  27:21  Drone x2  
  116  27:22  Drone x9  
  127  27:23  Drone x3  
  130  27:45  Drone x3  
  133  28:01  Queen  
  135  28:11  Zerg Flyer Weapons Level 3  
  135  28:12  Zerg Flyer Armor Level 2  
  135  28:19  Drone x3  
  139  28:20  Drone x3  
  141  28:53  Brood Lord x7  
  141  28:54  Brood Lord  
  157  29:09  Corruptor x4  
  165  29:35  Overseer x7  
  165  29:36  Overseer x8  
  165  29:37  Overseer x6  
  165  29:38  Overseer  
  165  29:49  Corruptor x2  
  169  30:23  Corruptor x7  
  169  30:24  Corruptor  
  185  30:48  Zerg Flyer Armor Level 3  
  185  30:55  Spore Crawler  
  161  31:05  Brood Lord x3  
  120  32:45  Hatchery  
  120  32:48  Extractor  
  120  32:50  Extractor  
  117  33:10  Brood Lord x4  
  125  33:53  Brood Lord x2  
  97  35:32  Corruptor  
  85  35:41  Zergling x8  
  85  35:42  Zergling x16  
  91  35:43  Zergling x14  
  90  35:54  Brood Lord  
  46  36:44  Zergling x10  
  46  36:45  Zergling x16  
  46  36:46  Zergling x18  
  46  36:47  Zergling x14  
  62  36:48  Zergling x16  
  76  37:12  Baneling x9  
  76  37:13  Baneling x8  
  76  37:14  Baneling x7  
  76  37:15  Baneling x8  
  76  37:16  Baneling x2